Map: Shrines of Lizul

Players

Yata

  • Race: Zerg Zerg
  • League: Silver
  • Spawn Location: 3:00

Myhome

  • Race: Terran Terran
  • League: Diamond
  • Spawn Location: 12:00

DragonSlayer - Winner!

  • Race: Zerg Zerg
  • Spawn Location: 6:00

CarpeDiem - Winner!

  • Race: Zerg Zerg
  • Spawn Location: 9:00

VOD

Have the link to the VOD?

Description

Time

  • Played on: Aug. 26, 2017, 10:58 p.m.
  • Length: 4:44
Show
View Real Time Build Order
Export as new Build Order

Yata Zerg 

Build Orders: Hatch First 

Get SALT Encoding   

  12  0:01  Drone  
  13  0:13  Overlord  
  13  0:25  Drone  
  14  0:31  Drone  
  14  0:32  Drone  
  16  0:36  Drone  
  17  1:03  Drone x2  
  19  1:10  Hatchery  
  18  1:18  Spawning Pool  
  17  2:05  Zergling x2  
  17  2:06  Zergling x4  
  20  2:15  Queen  
  21  2:19  Zergling x2  
  12  2:39  Zergling x4  
  14  2:52  Zergling x4  
  14  2:53  Zergling x2  
  17  3:03  Zergling x4  
  19  3:09  Extractor  
  15  3:16  Drone  
  16  3:24  Drone  
  17  3:36  Zergling x6  
  20  3:55  Zergling x2  
  13  4:20  Zergling x8  
  17  4:25  Drone  
Show
View Real Time Build Order
Export as new Build Order

Myhome Terran 

Build Orders:  

Get SALT Encoding   

  12  0:00  SCV  
  13  0:17  Supply Depot  
  13  0:39  Barracks  
  13  0:46  Barracks  
  13  0:55  SCV  
  14  1:05  Supply Depot  
  14  1:26  Marine  
  14  1:27  Barracks  
  15  1:33  Marine  
  16  1:41  Barracks  
  16  1:50  Marine  
  16  1:59  Supply Depot  
  16  2:01  Marine  
  17  2:10  Marine  
  18  2:17  Marine  
  19  2:34  Marine  
  19  2:35  Marine x3  
  22  2:52  Marine x2  
  22  2:53  Marine x2  
  24  3:10  Marine x2  
  24  3:11  Marine x2  
  12  3:44  Orbital Command  
  11  3:49  Refinery  
  11  3:53  Refinery  
  11  4:11  SCV  
  12  4:23  SCV  
Show
View Real Time Build Order
Export as new Build Order

DragonSlayer Zerg - Winner!

Build Orders: Pool Only 

Get SALT Encoding   

  12  0:02  Drone  
  13  0:09  Drone  
  14  0:27  Spawning Pool  
  13  0:30  Extractor  
  13  0:32  Drone  
  13  0:36  Drone  
  14  0:55  Overlord  
  14  1:15  Zergling x6, Queen  
  19  1:31  Zergling x2  
  20  1:39  Zergling x2  
  21  1:47  Spine Crawler  
  21  1:50  Zergling x2, Metabolic Boost  
  21  2:00  Drone  
  22  2:10  Overlord  
  22  2:34  Zergling x6  
  22  2:35  Zergling x2  
  25  2:56  Drone  
  25  2:57  Drone  
  26  3:10  Zergling x8  
  26  3:24  Zergling x2  
  23  3:39  Zergling x2  
  24  3:42  Zergling x8  
  28  3:55  Zergling x2  
  28  4:13  Zergling x4  
  28  4:14  Zergling x2  
  28  4:15  Overlord  
Show
View Real Time Build Order
Export as new Build Order

CarpeDiem Zerg - Winner!

Build Orders: Pool Only 

Get SALT Encoding   

  12  0:01  Drone  
  13  0:09  Drone  
  14  0:29  Spawning Pool  
  14  0:31  Drone  
  14  0:36  Extractor  
  14  0:37  Drone  
  14  0:45  Overlord  
  15  1:18  Zergling x6  
  15  1:20  Queen  
  19  1:30  Zergling x2  
  20  1:43  Zergling x2  
  21  1:49  Roach Warren  
  20  2:10  Zergling x4  
  20  2:32  Overlord, Roach  
  17  2:44  Roach  
  17  2:45  Roach  
  17  2:46  Overlord  
  21  2:53  Spine Crawler  
  20  3:00  Roach  
  22  3:11  Roach x3  
  26  3:43  Roach x3  
  26  3:46  Drone  
  33  4:09  Drone x3  
  36  4:23  Drone x2  
  38  4:25  Overlord  
  38  4:28  Extractor  
Tags
 
Add a new tag
Caveats
  • Supply blocks, unpowered buildings, or Contaminate may cause inaccurate times.
  • Supply counts are checked every 10 seconds.